 Dungeon Crawl Stone Soup version 0.30-a0-883-g5ad918d77d (webtiles) character file.

Game seed: 13192750224280019041

15 Axe the Ruffian (level 2, -4/25 HPs)
             Began as a Naga Transmuter on Mar 16, 2023.
             Slain by a gnoll
             ... wielding a +0 club
              (6 damage)
             ... on level 1 of the Dungeon.
             The game lasted 00:00:47 (590 turns).

Axe the Ruffian (Naga Transmuter)                    Turns: 590, Time: 00:00:48

Health: -4/25      AC:  1    Str: 12    XL:     2   Next: 50%
Magic:  4/5        EV:  9    Int: 13    God:
Gold:   50         SH:  0    Dex: 11    Spells: 4/5 levels left

rFire   . . .      SeeInvis +      - Unarmed
rCold   . . .      Faith    .    (no shield)
rNeg    . . .      Spirit   .    a - +0 robe
rPois   +          Reflect  .    (helmet currently unavailable)
rElec   .          Rampage  .    (no cloak)
rCorr   .                        (no gloves)
Will    .....                    (no barding)
Stlth   +                        (no amulet)
HPRegen 0.24/turn                (no ring)
MPRegen 0.09/turn                (no ring)

@: short of breath, appendages, very slow
A: horns 2, AC +0, large, see invisible, deformed body, poison resistance,
slowness 2, spit poison 1, naga tail 1
a: Spit Poison, End Transformation


You were on level 1 of the Dungeon.
You had temporarily grown beastly horns.
You visited 1 branch of the dungeon, and saw 1 of its levels.

You collected 50 gold pieces.

Inventory:

Armour
 a - a +0 robe (worn)
Scrolls
 c - 2 scrolls of butterflies {unknown}
 d - 2 scrolls of identify {unknown}
 e - a scroll of amnesia {unknown}
 f - a scroll of enchant armour {unknown}
Potions
 b - a potion of lignification
 g - a potion of mutation {unknown}


   Skills:
 + Level 1.3 Fighting
 - Level 1.5 Dodging
 * Level 3.3 Unarmed Combat
 + Level 2.1 Spellcasting
 + Level 2.2 Transmutations


You had 4 spell levels left.
You knew the following spells:

 Your Spells              Type           Power      Damage    Failure   Level
a - Beastly Appendage     Tmut           14%        N/A       10%         1

Your spell library contained the following spells:

 Spells                   Type           Power      Damage    Failure   Level
 Wereblood                Tmut           7%         N/A       16%         2
 Spider Form              Tmut/Pois      4%         N/A       43%         3
 Ice Form                 Ice/Tmut       4%         N/A       85%         4


Dungeon Overview and Level Annotations

Branches:
Dungeon (1/15)

Altars:


Innate Abilities, Weirdness & Mutations

You have temporarily grown beastly horns.
Your serpentine skin is tough. (AC +0)
You have supernaturally acute eyesight. (SInv)
Armour fits poorly on your strangely shaped body.
Your system is resistant to poisons. (rPois)
You cover ground very slowly.
You can spit poison.
You have a snake-like lower body.


Message History

You see here a +0 ring mail.
You enter the shallow water.
A giant cockroach comes into view.
The giant cockroach closely misses you.
You grow a pair of large bovine horns.
The giant cockroach bites you but does no damage.
You barely miss the giant cockroach. The giant cockroach bites you.
You hit the giant cockroach.
You kill the giant cockroach!
You extend your transformation's duration.
Your transformation is almost over.
Your horns disappear.
There is a staircase leading out of the dungeon here.
You see here a +0 whip.
g - a sapphire potion A gnoll comes into view.
It is wielding a +0 club.
The gnoll shouts!
You closely miss the gnoll. The gnoll hits you with a +0 club.
You hit the gnoll.
The gnoll is moderately wounded.
The gnoll hits you with a +0 club!
You grow a pair of large bovine horns.
The gnoll hits you with a +0 club.
You barely miss the gnoll.
The gnoll is moderately wounded.
The gnoll hits you with a +0 club.
You closely miss the gnoll.
The gnoll is moderately wounded.
The gnoll hits you with a +0 club.
* * * LOW HITPOINT WARNING * * *
You hit the gnoll but do no damage. You headbutt the gnoll.
The gnoll is heavily wounded.
The gnoll hits you with a +0 club.
* * * LOW HITPOINT WARNING * * *
Aiming: Spit Poison (2% risk of failure)
Press: ? - help, Shift-Dir - straight line, f - gnoll
Aim: a gnoll, wielding a +0 club (heavily wounded, 65% to hit)
The splash of poison hits the gnoll.
The gnoll is poisoned.
The gnoll is severely wounded.
The gnoll hits you with a +0 club.
You die...

##........
##....#...#
#...#.##.##
#♣.♣#.##.##
♣.♣#.#....
♣.♣#......
♣.♣###...#
#########♣.♣ #..##
#.@.....#♣.♣ #..##
#g#####.#♣.♣ #..##
#. #.#♣<♣ ##..## #.
##.#♣)♣ #...## #.
##..#♣.♣ #...##
#.###...#♣.♣##.....
#.......#♣.♣#......
#.#####.#♣.♣#......
#.#♣.♣#......


You could see a gnoll (poisoned).

Vanquished Creatures
  2 bats (D:1)
  5 giant cockroaches (D:1)
  A quokka (D:1)
  A goblin (D:1)
  A kobold (D:1)
  4 rats (D:1)
14 creatures vanquished.

Notes
Turn   | Place    | Note
-------+----------+-------------------------------------------
     0 | D:1      | Axe the Naga Transmuter began the quest for the Orb.
     0 | D:1      | Reached XP level 1. HP: 18/18 MP: 3/3
    83 | D:1      | Reached XP level 2. HP: 17/25 MP: 3/5
   590 | D:1      | Slain by a gnoll

Illustrated notes

Levels and vault maps discovered:
D:1:      eino_arrival_tree_alley, layout_loops_ring,
          minmay_misc_feat_secret_circle, kennysheep_doodads,
          palyth_stone_intersect, chequers_serial_rivers_small_a,
          minmay_worlds_worst_comb

Action                     || total
---------------------------++-------
  Melee: Unarmed           ||    37
         Headbutt          ||     7
         Punch             ||     1
   Cast: Beastly Appendage ||    11
Ability: Spit Poison       ||     2
 Armour: Robe              ||     7
  Dodge: Dodged            ||    16

Table legend: (Time is in decaauts)
 A = Elapsed time spent in this place.
 B = Non-inter-level travel time spent in this place.
 C = Inter-level travel time spent in this place.
 D = Time resting spent in this place.
 E = Time spent auto-exploring this place.
 F = Levels seen in this place.
 G = Mean time per level.
                   A        B        C        D        E       F      G
               +--------+--------+--------+--------+--------+-----+--------+
         Total |    781 |    781 |      0 |     48 |    642 |   1 |  781.0 |
       Dungeon |    781 |    781 |      0 |     48 |    642 |   1 |  781.0 |
               +--------+--------+--------+--------+--------+-----+--------+

Top non-repeatable levels by time:
     D:1: 781 daAuts
